 Dungeon Crawl Stone Soup version 0.29.1-2-gbd0b4ee654 (webtiles) character file.

Game seed: 16166659734462506751

1838 LustLizard the Skirmisher (level 8, -1/37 HPs)
             Began as a Spriggan Hunter on Oct 26, 2022.
             Was a Follower of Hepliaklqana.
             Killed from afar by Maggie (15 damage)
             ... with a bolt of fire
             ... on level 6 of the Dungeon.
             The game lasted 00:12:00 (8064 turns).

LustLizard the Skirmisher (Spriggan Hunter)         Turns: 8064, Time: 00:12:00

Health: -1/37      AC:  3    Str:  7    XL:     8   Next: 87%
Magic:  9/9        EV: 21    Int: 12    God:    Hepliaklqana [*.....]
Gold:   375        SH:  0    Dex: 19    Spells: 4/7 levels left

rFire   . . .      SeeInvis +   a - +0 shortbow
rCold   . . .      Faith    .   (shield currently unavailable)
rNeg    . . .      Spirit   .   c - +0 robe
rPois   .          Reflect  .   (helmet restricted)
rElec   .          Harm     .   x - +0 cloak
rCorr   .          Rampage  .   (gloves unavailable)
Will    +....                   (boots unavailable)
Stlth   ++++......              p - amulet of magic regeneration
HPRegen 0.12/turn               k - ring of flight
MPRegen 0.51/turn               J - +4 ring of evasion

@: flying, very quick
A: reduced essence, very small, no large weapons, unfitting armour, see
invisible, speed 3
a: Renounce Religion, Recall Ancestor, Ancestor Identity


You were on level 6 of the Dungeon.
You worshipped Hepliaklqana.
Hepliaklqana was aware of your devotion.
You visited 2 branches of the dungeon, and saw 7 of its levels.
You also visited: Ossuary.

You collected 375 gold pieces.

Inventory:

Hand Weapons
 a - a +0 shortbow (weapon)
 q - the +12 dagger "Veredi" {pain, rPois Int+2}
   (You found it on level 2 of the Dungeon)

   In the hands of one skilled in necromantic magic, it inflicts extra damage on
   living creatures.
   Int:       It affects your intelligence (+2).
   rPois:     It protects you from poison.
Armour
 c - a +0 robe (worn)
 x - a +0 cloak (worn)
Jewellery
 k - a ring of flight (left hand)
 n - a ring of wizardry
 o - a ring of magical power
 p - an amulet of magic regeneration (around neck)
 v - a ring of positive energy
 J - a +4 ring of evasion (right hand)
 K - a ring of resist corrosion
Scrolls
 b - 4 scrolls of immolation
 f - 3 scrolls of noise {unknown}
 g - 4 scrolls of enchant weapon {unknown}
 l - 3 scrolls of teleportation {unknown}
 t - 2 scrolls of torment {unknown}
 u - 2 scrolls of poison {unknown}
 w - 3 scrolls of amnesia {unknown}
 y - 2 scrolls of magic mapping {unknown}
 B - a scroll of enchant armour {unknown}
 C - a scroll of blinking {unknown}
 D - a scroll of fear {unknown}
 E - 2 scrolls of vulnerability {unknown}
 H - 2 scrolls of brand weapon {unknown}
Potions
 d - a potion of invisibility
 e - 3 potions of flight
 h - 2 potions of heal wounds
 i - a potion of haste
 j - 6 potions of attraction
 m - a potion of degeneration
 r - 3 potions of brilliance {unknown}
 s - 4 potions of lignification
 z - a potion of resistance {unknown}
 A - 5 potions of curing {unknown}
 F - a potion of mutation {unknown}
 G - a potion of cancellation {unknown}
 I - 3 potions of magic {unknown}


   Skills:
 + Level 4.6 Fighting
 * Level 8.7 Ranged Weapons
 - Level 2.6 Dodging
 + Level 8.3 Stealth
 + Level 3.2 Hexes
 + Level 2.0 Fire Magic


You had 4 spell levels left.
You knew the following spells:

 Your Spells              Type           Power      Damage    Failure   Level
a - Inner Flame           Hex/Fire       6%         N/A       34%         3

Your spell library contained the following spells:

 Spells                   Type           Power      Damage    Failure   Level
 Sandblast                Erth           0%         2d4       32%         1
 Summon Small Mammal      Summ           0%         N/A       32%         1
 Passwall                 Tmut/Erth      0%         N/A       45%         2
 Sublimation of Blood     Necr           0%         N/A       45%         2
 Summon Guardian Golem    Hex/Summ       3%         N/A       45%         3
 Cause Fear               Hex            3%         N/A       65%         4
 Call Canine Familiar     Summ           0%         N/A       69%         3
 Gell's Gravitas          Tloc           0%         N/A       69%         3
 Lesser Beckoning         Tloc           0%         N/A       69%         3
 Stone Arrow              Conj/Erth      0%         3d7       69%         3
 Teleport Other           Tloc           0%         N/A       69%         3
 Petrify                  Tmut/Erth      0%         N/A       97%         4
 Freezing Cloud           Conj/Ice/Air   0%         6-21      100%        5
 Irradiate                Conj/Tmut      0%         3d11      100%        5
 Simulacrum               Ice/Necr       0%         N/A       100%        6
 Discord                  Hex            3%         N/A       100%        8
 Polar Vortex             Ice            0%         N/A       100%        9


Dungeon Overview and Level Annotations

Branches:
Dungeon (6/15)             Temple (1/1) D:5         Ossuary (visited)

Altars:
Ashenzari
Cheibriados
Elyvilon
Fedhas
Gozag
Hepliaklqana
Kikubaaqudgha
Makhleb
Nemelex Xobeh
Okawaru
Ru
Uskayaw
Vehumet
Wu Jian
Xom
Zin
The Shining One

Shops:
D:1 (

Annotations:
D:6 Maggie


Innate Abilities, Weirdness & Mutations

Your life essence is reduced to manifest your ancestor. (-10% HP)
You are very small and have problems with some larger weapons.
You are too small for most types of armour.
You have supernaturally acute eyesight. (SInv)
You cover ground extremely quickly. (Speed+++)


Message History

Press: ? - help, Q - select action, (/) - cycle Shift-Dir - straight line, f/p - Maggie
Aim: Maggie, wielding a +0 glaive and wearing +0 swamp dragon scales (lightly wounded, ally target, 70% to hit)
You shoot an arrow. The arrow hits Maggie!
Maggie is moderately wounded.
Maggie says, "If you die in the Dungeon, but nobody's around to see it, does it really matter?"
Maggie casts a spell.
Maggie attempts to bespell you! You resist with some effort.
Fire: a) +0 shortbow
Press: ? - help, Q - select action, (/) - cycle Shift-Dir - straight line, f/p - Maggie
Aim: Maggie, wielding a +0 glaive and wearing +0 swamp dragon scales (moderately wounded, ally target, 70% to hit)
You shoot an arrow. Servia avoids your attack.
The arrow hits Maggie.
Maggie is moderately wounded.
Servia hits Maggie.
Fire: a) +0 shortbow
Press: ? - help, Q - select action, (/) - cycle Shift-Dir - straight line, f/p - Maggie
Aim: Maggie, wielding a +0 glaive and wearing +0 swamp dragon scales (moderately wounded, ally target, 70% to hit)
You shoot an arrow.
The arrow hits Maggie but does no damage.
Maggie is moderately wounded.
Servia closely misses Maggie.
Maggie misses you.
Servia hits Maggie.
Maggie casts a spell.
Maggie attempts to bespell you!
You are mesmerised by Maggie!
Servia barely misses Maggie.
You cannot move away from Maggie!
You cannot move away from Maggie!
Fire: a) +0 shortbow
Press: ? - help, Q - select action, (/) - cycle Shift-Dir - straight line, f/p - Maggie
Aim: Maggie, wielding a +0 glaive and wearing +0 swamp dragon scales (heavily wounded, mesmerising, ally target, 70% to hit)
You shoot an arrow.
The arrow hits Maggie but does no damage.
Maggie is heavily wounded.
You break out of your daze!
Maggie gestures at you while chanting. The bolt of fire misses you.
Servia completely misses Maggie.
Maggie points at you and mumbles some strange words.
The bolt of fire hits you!
You die...

####........###### #.#
########....###....# #[#
#.........#........# #.#
#.....R...##.##....#
#####.#
#.....@...##..#.####
#.....#
#.............#.####
#.#####
#.........###.#.##.###.#
##
######....###.#.#......#
##.
###.#...@..#.#......###..
#.#.#...##..........##...
#.#.#...............##[#.
#.#.#..#.#..............#
#......#.................
#####
#....#.###..........#...#
#...#
###.....##.....#.R.......
#.#รท#####
#.........#...........#
#.#.....#
###....#........<......


You could see Maggie.

Vanquished Creatures
  A wraith (D:5)
  The ghost of CBASSkasper the Chopper, an amateur HOFi of Beogh (D:5)
  An ice beast (D:5)
  A black bear (D:6)
  2 ogres
  A phantom (D:5)
  2 kobold brigands (D:4)
  A necrophage (D:6)
  3 scorpions
  A jelly (D:4)
  2 hounds
  An orc priest (D:4)
  5 iguanas
  13 mummies (Ossuary)
  4 gnolls (D:6)
  11 adders
  2 shadow imps (D:6)
  A white imp (D:6)
  An ufetubus (D:5)
  2 worms
  2 dart slugs (D:2)
  19 orcs
  9 ball pythons
  6 bats
  2 endoplasms
  7 giant cockroaches
  14 hobgoblins
  A quokka (D:5)
  6 frilled lizards
  4 gnoll skeletons (Ossuary)
  4 goblins
  2 goblin skeletons (Ossuary)
  20 kobolds
  A kobold skeleton (Ossuary)
  An orc skeleton (Ossuary)
  5 rats
  11 rat skeletons (Ossuary)
  A rat zombie (D:5)
171 creatures vanquished.

Vanquished Creatures (others)
  12 plants
12 creatures vanquished.

Grand Total: 183 creatures vanquished

Notes
Turn   | Place    | Note
-------+----------+-------------------------------------------
     0 | D:1      | LustLizard the Spriggan Hunter began the quest for the Orb.
     0 | D:1      | Reached XP level 1. HP: 10/10 MP: 2/2
   113 | D:1      | Reached XP level 2. HP: 11/15 MP: 3/3
   191 | D:1      | Found a faded altar of an unknown god.
   324 | D:1      | Found Eracol's Weapon Emporium.
   592 | D:1      | Reached XP level 3. HP: 18/18 MP: 4/4
   831 | D:2      | Found a glowing silver altar of Zin.
  1081 | D:2      | Reached XP level 4. HP: 23/23 MP: 5/5
  1106 | D:2      | Identified the +12 dagger "Veredi" {pain, rPois Int+2}
  1206 | D:2      | Reached skill level 5 in Ranged Weapons
  1562 | D:3      | Found an opulent altar of Gozag.
  2286 | D:4      | Noticed a scorpion
  2289 | D:4      | Reached XP level 5. HP: 27/27 MP: 6/6
  2590 | D:4      | Noticed an ogre
  2605 | D:4      | Killed an ogre
  2606 | D:4      | Reached skill level 5 in Stealth
  2606 | D:4      | Reached XP level 6. HP: 32/32 MP: 7/7
  3467 | D:4      | Reached XP level 7. HP: 20/36 MP: 8/8
  3708 | D:5      | Entered Level 5 of the Dungeon
  3708 | D:5      | Found a sand-covered staircase.
  3779 | D:5      | Identified the +2 robe "Xafohoxo" {Harm Str+3}
  3924 | Ossuary  | Entered an ossuary
  5239 | D:5      | Found a staircase to the Ecumenical Temple.
  5250 | Temple   | Entered the Ecumenical Temple
  5408 | Temple   | Became a worshipper of Hepliaklqana the Forgotten
  5544 | D:5      | Noticed a wraith
  5652 | D:5      | Killed a wraith
  5910 | D:5      | Learned a level 3 spell: Inner Flame
  5991 | D:5      | Found a runed translucent door.
  5992 | D:5      | Noticed CBASSkasper's ghost (amateur HOFi)
  6022 | D:5      | Reached XP level 8. HP: 42/42 MP: 9/9
  6028 | D:5      | Found a burning altar of Makhleb.
  6139 | D:5      | Reached skill level 1 in Hexes
  6165 | D:5      | Reached skill level 1 in Fire Magic
  6466 | D:5      | Killed CBASSkasper's ghost
  6650 | D:6      | Noticed Maggie
  7667 | D:6      | Reached * piety under Hepliaklqana
  8064 | D:6      | Killed from afar by Maggie

Illustrated notes

Levels and vault maps discovered:
D:1:      erik_arrival_triangle_small, layout_basic,
          hellmonk_ecumenical_altar_blasted, serial_shops, nicolae_square_shop
D:2:      layout_loops_ring, basic_altar, lexackson_kobold_supper
D:3:      layout_loops_cross, mainiacjoe_overflow_surrounded_room
D:4:      cheibrodos_thug_alley, layout_basic
D:5:      layout_loops_cross, makhleb_heckhound_becter,
          minmay_temple_entry_offerings, gammafunk_ghost_grave, enter_ossuary_3,
          nicolae_sextant, guppyfry_early_lair_pool
D:6:      layout_basic, uniq_maggie
Temple:   regret_index_temple_waves

Skill      XL: |  1  2  3  4  5  6  7  8 |
---------------+-------------------------+-----
Stealth        | 2 3 4 5 7 8 |  8.3
Fighting       | 2 3 4 |  4.6
Ranged Weapons | 5 6 7 8 |  8.7
Hexes          | 3 |  3.2
Fire Magic     | 2 |  2.0
Dodging        | |  2.6

Action                   |  1- 3 |  4- 6 |  7- 9 || total
-------------------------+-------+-------+-------++-------
Melee: Dagger            |       |     9 |       ||     9
       Punch             |       |     1 |       ||     1
 Fire: Shortbow          |    82 |   172 |   409 ||   663
Invok: Recall Ancestor   |       |       |     1 ||     1
  Use: Scroll            |       |     4 |     3 ||     7
 Stab: Sleeping          |       |     3 |       ||     3
Armor: Robe              |     6 |     3 |    11 ||    20
Dodge: Dodged            |    34 |    24 |   127 ||   185
